 Dungeon Crawl Stone Soup version 0.24-a0-334-g5a7c772 (webtiles) character file.

Game seed: 9666582471131445972

7564 Darkshadow the Basher (level 10, -3/94 HPs)
             Began as a Minotaur Berserker on May 17, 2019.
             Was an Elder of Trog.
             Slain by a troll (5 damage)
             ... on level 10 of the Dungeon.
             The game lasted 00:32:58 (9889 turns).

Darkshadow the Basher (Minotaur Berserker)          Turns: 9889, Time: 00:32:59

Health: -3/94      AC: 17    Str: 22    XL:     10   Next: 96%
Magic:  9/9        EV:  6    Int:  4    God:    Trog [****..]
Gold:   1436       SH:  3    Dex: 13    Spells: 9/9 levels left

rFire    + . .     SeeInvis +   a - +2 whip (elec)
rCold    . . .     Gourm    .   (no shield)
rNeg     . . .     Faith    .   s - +1 plate armour
rPois    +         Spirit   .   (helmet restricted)
rElec    .         Reflect  +   t - +2 cloak
rCorr    .         Harm     .   p - +2 pair of gloves
MR       .....                  (no boots)
Stlth    ..........             o - +3 amulet of reflection
HPRegen  0.25/turn              u - ring of Ejoll {*Drain +Fly rPois SInv}
MPRegen  0.11/turn              w - ring of protection from fire

@: extremely drained
A: retaliatory headbutt, horns 2
a: Berserk, Trog's Hand, Brothers in Arms, Renounce Religion, Evoke Flight


You were on level 10 of the Dungeon.
You worshipped Trog.
Trog was greatly pleased with you.
You were near starving.

You visited 2 branches of the dungeon, and saw 11 of its levels.
You also visited: Bailey.

You collected 1436 gold pieces.

Inventory:

Hand Weapons
 a - a +2 whip of electrocution (weapon)
 b - a +0 morningstar
 M - a +3 hunting sling of flaming
 S - a cursed -3 morningstar
Missiles
 l - 287 stones (quivered)
Armour
 p - a +2 pair of gloves (worn)
 s - a +1 plate armour (worn)
 t - a +2 cloak (worn)
Jewellery
 f - a +4 ring of dexterity
 k - an uncursed ring of protection from magic {unknown}
 o - a +3 amulet of reflection (around neck)
 r - an uncursed ring of resist corrosion {unknown}
 u - the ring of Ejoll (left hand) {*Drain +Fly rPois SInv}
   (You found it on level 4 of the Dungeon)

   [ring of poison resistance]

   It protects you from poison.
   It lets you see invisible.
   It lets you fly.
   It causes draining when unequipped.
 w - a ring of protection from fire (right hand)
 P - an uncursed amulet of regeneration {unknown}
Wands
 z - a wand of paralysis (8)
 F - a wand of digging (5)
 K - a wand of acid (7)
Scrolls
 d - 7 scrolls of identify {@r1}
 h - 2 scrolls of fear
 j - 3 scrolls of enchant weapon
 q - 2 scrolls of magic mapping
 v - a scroll of remove curse {@r2}
 O - a scroll of teleportation
Potions
 e - a potion of resistance
 g - 3 potions of might
 i - 7 potions of flight
 m - 6 potions of curing {@q1}
 B - 2 potions of berserk rage {unknown}
 C - a potion of mutation {unknown}
 D - 3 potions of lignification {unknown}
 E - 2 potions of haste {unknown}
 J - 2 potions of agility {unknown}
 Q - a potion of invisibility {unknown}
Comestibles
 c - 22 rations


   Skills:
 + Level 10.7(0.0) Fighting
 * Level 14.0(0.0) Maces & Flails
 + Level 10.3(0.0) Armour
 - Level 2.5(0.0) Dodging


You had 9 spell levels left.
You didn't know any spells.
Your spell library was empty.

Dungeon Overview and Level Annotations

Branches:
Dungeon (10/15)            Temple (1/1) D:4
   Lair: D:8-11         Orc: D:9-12

Altars:
Ashenzari
Dithmenos
Fedhas
Hepliaklqana
Kikubaaqudgha
Makhleb
Okawaru
Ru
Sif Muna
Vehumet
Wu Jian
The Shining One

Shops:
D:6 %   D:10 =

Annotations:
D:9 1 runed translucent door, edsrzf's ghost, novice HuBe
Temple exclusion: upstairs


Innate Abilities, Weirdness & Mutations

You reflexively headbutt those who attack you in melee.
You have a pair of horns on your head.


Message History

* * * LOW HITPOINT WARNING * * *
Okay, then.
Okay, then.
You hit the troll.
You headbutt the troll, but do no damage.
The troll is heavily wounded.
The troll closely misses you. You furiously retaliate!
You headbutt the troll! The troll claws you but does no damage.
The troll barely misses you.
You hit the troll.
The troll is almost dead.
The troll bites you!
* * * LOW HITPOINT WARNING * * *
The troll claws you.
* * * LOW HITPOINT WARNING * * *
The troll claws you.
* * * LOW HITPOINT WARNING * * *
The troll bites you but does no damage. The troll claws you!
* * * LOW HITPOINT WARNING * * *
The troll claws you.
You die...

#.....#..########
...###..........# ##.#
#..........#
...###..........#
#...............# #
................# .#
....##..........# ..#
#...##..........###..#
#....#..........@T[.#
##............).#####
#..............##
...>....#......
##<..##........ #†..##
#...... ...D# #......
#.#.# ###### #.#.#
#....#


You could see a troll.

Vanquished Creatures
  Sonja (D:10)
  Pikel (D:4)
  An orc knight (Bailey)
  A cyclops (D:9)
  Grinder (D:3)
  A troll (D:10)
  2 hippogriffs
  A steam dragon (D:10)
  Edmund (D:6)
  Menkaure (D:4)
  2 porcupines (D:10)
  6 orc warriors
  3 sky beasts
  A slave (D:4)
  A black bear (D:10)
  4 ogres
  2 ice beasts
  A phantom (D:6)
  4 centaurs
  A big kobold (D:8)
  7 bullfrogs
  4 scorpions
  4 wights (D:7)
  6 killer bees
  3 crimson imps
  9 howler monkeys
  A quasit (D:7)
  3 jellies
  A hound (D:5)
  4 orc priests
  8 orc wizards
  A centaur skeleton (D:3)
  3 iguanas
  9 worker ants
  A killer bee zombie (D:5)
  3 hound skeletons
  9 adders
  An ooze (D:4)
  4 worms
  2 dart slugs (D:1)
  4 leopard geckos
  23 orcs
  11 bats
  3 giant cockroaches
  7 hobgoblins
  8 jackals
  3 quokkas
  A ball python (D:5)
  8 frilled lizards
  11 goblins
  23 kobolds
  A leopard gecko zombie (D:5)
  A quokka skeleton (D:5)
  9 rats
232 creatures vanquished.

Vanquished Creatures (collateral kills)
  2 gnolls (Bailey)
  A goblin (Bailey)
  2 hobgoblins (Bailey)
  2 kobolds (Bailey)
7 creatures vanquished.

Vanquished Creatures (others)
  A killer bee (D:10)
  An orc wizard (D:4)
  An adder (D:10)
  An orc (D:4)
  2 kobolds (Bailey)
  5 fungi
  3 plants
14 creatures vanquished.

Grand Total: 253 creatures vanquished

Notes
Turn   | Place    | Note
-------+----------+-------------------------------------------
     0 | D:1      | Darkshadow the Minotaur Berserker began the quest for the
                  | Orb.
     0 | D:1      | Reached XP level 1. HP: 19/19 MP: 0/0
   171 | D:1      | Reached XP level 2. HP: 23/27 MP: 1/1
   398 | D:1      | Reached skill level 4 in Maces & Flails
   581 | D:1      | Reached ** piety under Trog
   581 | D:1      | Reached XP level 3. HP: 32/33 MP: 2/2
  1140 | D:2      | Reached XP level 4. HP: 24/41 MP: 3/3
  1936 | D:3      | Reached skill level 5 in Maces & Flails
  2135 | D:3      | Reached XP level 5. HP: 44/47 MP: 4/4
  2178 | D:3      | Found a faded altar of an unknown god.
  2321 | D:3      | Noticed Grinder
  2346 | D:3      | Killed Grinder
  2346 | D:3      | Reached skill level 5 in Fighting
  2346 | D:3      | Reached skill level 6 in Maces & Flails
  2346 | D:3      | Reached XP level 6. HP: 49/56 MP: 5/5
  2477 | D:3      | Reached *** piety under Trog
  2602 | D:3      | Found a burning altar of Makhleb.
  2602 | D:3      | Found an iron altar of Okawaru.
  2772 | D:4      | Got a vibrating granite ring
  2859 | D:4      | Found a staircase to the Ecumenical Temple.
  3027 | D:4      | Reached skill level 7 in Maces & Flails
  3027 | D:4      | Reached skill level 5 in Armour
  3097 | D:4      | Reached XP level 7. HP: 62/62 MP: 6/6
  3194 | D:4      | Noticed Menkaure
  3201 | D:4      | Killed Menkaure
  3261 | D:4      | Noticed Pikel
  3271 | D:4      | Paralysed by Pikel for 7 turns
  3282 | D:4      | Killed Pikel
  3282 | D:4      | Reached skill level 9 in Maces & Flails
  3282 | D:4      | Reached XP level 8. HP: 29/71 MP: 7/7
  4185 | D:5      | Entered Level 5 of the Dungeon
  4293 | Temple   | Entered the Ecumenical Temple
  4388 | D:5      | Found a glowing golden altar of the Shining One.
  4393 | D:5      | Found a blossoming altar of Fedhas.
  4393 | D:5      | Found a sacrificial altar of Ru.
  4394 | D:5      | Found a hazy altar of Hepliaklqana.
  4642 | D:5      | Found a shadowy altar of Dithmenos.
  4800 | D:6      | Identified the ring of Ejoll {*Drain +Fly rPois SInv} (You
                  | found it on level 4 of the Dungeon)
  4968 | D:6      | Reached skill level 10 in Maces & Flails
  5094 | D:6      | Found a burning altar of Makhleb.
  5094 | D:6      | Noticed a balrug
  5097 | D:6      | Noticed a hellwing
  5152 | D:6      | Noticed a hippogriff
  5159 | D:6      | Killed a hippogriff
  5282 | D:6      | Reached XP level 9. HP: 77/81 MP: 8/8
  5371 | D:6      | Found Zaiwa's Food Shop.
  5371 | D:6      | Noticed Edmund
  5378 | D:6      | Killed Edmund
  5738 | D:7      | Found an ornate altar of the Wu Jian Council.
  5921 | D:7      | Reached skill level 11 in Maces & Flails
  5971 | D:7      | Reached **** piety under Trog
  6439 | D:8      | Found a flagged portal.
  6511 | Bailey   | Entered a bailey
  6521 | Bailey   | Noticed an orc knight
  6747 | Bailey   | Identified the +5 quarterstaff "Zyoduxzi" {freeze, rC+}
  6759 | Bailey   | Reached skill level 12 in Maces & Flails
  6911 | Bailey   | Killed an orc knight
  6912 | Bailey   | Reached XP level 10. HP: 86/91 MP: 9/9
  7896 | D:9      | Noticed a cyclops
  7912 | D:9      | Killed a cyclops
  7933 | D:9      | Reached skill level 13 in Maces & Flails
  8162 | D:9      | Found a deep blue altar of Sif Muna.
  8178 | D:9      | Reached skill level 10 in Fighting
  8179 | D:9      | Identified Sif Muna's Tome of Calling
  8288 | D:9      | Found a runed translucent door.
  8307 | D:9      | Identified the +5 spear of the Stork {pierce, rElec rC-
                  | MR++ Int+3}
  8395 | D:9      | Noticed edsrzf's ghost (novice HuBe)
  8876 | D:10     | Entered Level 10 of the Dungeon
  8962 | D:10     | Noticed Sonja
  8964 | D:10     | Reached skill level 10 in Armour
  9021 | D:10     | Killed Sonja
  9091 | D:10     | Received a gift from Trog
  9091 | D:10     | Noticed a two-headed ogre
  9372 | D:10     | Found Issebbu's Jewellery Shop.
  9806 | D:10     | Reached skill level 14 in Maces & Flails
  9889 | D:10     | HP: 2/94 [troll (7)]
  9889 | D:10     | Slain by a troll

Levels and vault maps discovered:
D:1:      mrwooster_arrival_statue_3, layout_basic
D:2:      wad_pebble_path, layout_basic, kennysheep_generic_room_7
D:3:      layout_basic, gammafunk_temple_overflow_elements,
          chequers_ecumenical_altar_island, first_ration, uniq_grinder
D:4:      layout_layer_cave, minmay_temple_entry_tees, uniq_pikel, uniq_menkaure
D:5:      layout_cave_pools, grunt_temple_overflow_open, marbit_many_paths,
          due_unseen_surprise
D:6:      layout_basic, serial_shops, shop_coins, small_statue_intersection,
          ebering_dispersal_statue_hall, makhleb_altar_promises_db, uniq_edmund
D:7:      layout_rooms, lemuel_doored_altar, hangedman_decor_lopped,
          grunt_ogre_cave
D:8:      layout_gridville, enter_bailey_2, minmay_tree_intersection
D:9:      layout_cave_pools, led_sif_book, ebering_ghost_funeral_grove,
          serial_rivers, chequers_serial_rivers_small_3,
          chequers_serial_rivers_micro_e, chequers_serial_rivers_small_b,
          chequers_serial_rivers_large_a, chequers_serial_rivers_micro_a,
          chequers_serial_rivers_micro_c, minmay_door_square
D:10:     layout_rooms, grunt_lair_entry_orc_guard_hut, serial_shops, shop,
          grunt_decor_one_mirror, nemelex_diamond_rough_becter, uniq_sonja
Temple:   cyrus_circular_temple

Skill      XL: |  1  2  3  4  5  6  7  8  9 10 |
---------------+-------------------------------+-----
Maces & Flails | 4 5 6 7 9 10 12 14 | 14.0
Fighting       | 4 5 6 7 9 10 | 10.7
Armour         | 3 4 5 6 7 9 10 | 10.3
Dodging        | |  2.5

Action                   |  1- 3 |  4- 6 |  7- 9 | 10-12 || total
-------------------------+-------+-------+-------+-------++-------
Melee: Mace              |    71 |    24 |       |       ||    95
       Headbutt          |    11 |    14 |    58 |    57 ||   140
       Whip              |       |    82 |   271 |   271 ||   624
Throw: Stone             |       |    18 |     5 |     6 ||    29
Invok: Berserk           |     1 |     4 |     4 |     1 ||    10
       Trog's Hand       |       |     1 |     2 |     2 ||     5
       Brothers in Arms  |       |       |     1 |       ||     1
 Abil: Evoke Flight      |       |       |     2 |     2 ||     4
  Use: Scroll            |       |       |     8 |    10 ||    18
       Potion            |       |       |       |     1 ||     1
  Eat: Chunk             |     2 |     7 |    10 |     9 ||    28
       Ration            |       |     1 |     2 |       ||     3
Armor: Animal skin       |    22 |     5 |       |       ||    27
       Plate armour      |       |    46 |   119 |   240 ||   405
Dodge: Dodged            |    43 |    40 |    87 |   112 ||   282
Block: Other             |       |       |    17 |    44 ||    61
       Reflection        |       |       |     5 |     1 ||     6

Table legend:
 A = Non-vault XP
 B = Vault XP
 C = Vault XP percentage of total XP
 D = Non-vault monster count
 E = Vault monster count
 F = Vault count percentage of total count
                 A         B        C        D         E       F
            +---------+---------+-------+---------+---------+-------
      Total |    7218 |    3588 |  33.2 |     199 |      42 |  17.4
            +---------+---------+-------+---------+---------+-------
        D:1 |      44 |       0 |   0.0 |      26 |       0 |   0.0
        D:2 |      87 |       4 |   4.4 |      19 |       3 |  13.6
        D:3 |     113 |     300 |  72.6 |      27 |       1 |   3.6
        D:4 |     374 |     845 |  69.3 |      11 |       2 |  15.4
        D:5 |     362 |      32 |   8.1 |      15 |       1 |   6.2
        D:6 |     714 |     173 |  19.5 |      13 |       1 |   7.1
        D:7 |    1652 |     125 |   7.0 |      28 |       1 |   3.4
        D:8 |     721 |       0 |   0.0 |      15 |       0 |   0.0
        D:9 |    2013 |      68 |   3.3 |      33 |       2 |   5.7
       D:10 |    1138 |    1149 |  50.2 |      12 |       4 |  25.0
     Bailey |       0 |     892 | 100.0 |       0 |      27 | 100.0
            +---------+---------+-------+---------+---------+-------
